General information
- name: BNet
- type: Ladder team game (AT/RT)
- host: Battle.net
- saver: IWILLBSYOU
map: GoldRush
- players: 8
- length: 33:47
- speed: Fast
- version: 1.26 W3XP
- replay type: Public
» download(226 KB)
Players
team 1 (winner)
IWILLBSYOU (
blue | 75 APM | 2526 actions | 33:47)
7 Death Knight
3 Death Coil
3 Unholy Aura
1 Animate Dead
5 Dark Ranger
2 Black Arrow
3 Silence
» actions
| Assign group hotkey | 29 | |
| Basic commands | 674 | |
| Build / train | 87 | |
| ESC pressed | 1 | |
| Enter build submenu | 23 | |
| Enter hero's abilities submenu | 12 | |
| Give item / drop item | 3 | |
| Right click | 687 | |
| Select / deselect | 436 | |
| Select group hotkey | 481 | |
| Use ability | 92 | |
2526 total
» units
| Acolyte | 18 | |
| Ghoul | 4 | |
| Crypt Fiend | 7 | |
| Obsidian Statue | 2 | |
| Frost Wyrm | 6 | |
| Abomination | 1 | |
38 total
» upgrades
| Creature Attack | 4 | |
| Creature Carapace | 4 | |
| Web | 1 | |
| Unholy Strength | 1 | |
10 total
» buildings
| Graveyard | 1 | |
| Crypt | 1 | |
| Ziggurat | 9 | |
| Altar of Darkness | 1 | |
| Tomb of Relics | 1 | |
| Nerubian Tower | 2 | |
| Halls of the Dead | 1 | |
| Necropolis | 1 | |
| Slaughterhouse | 1 | |
| Black Citadel | 1 | |
| Sacrificial Pit | 1 | |
| Boneyard | 2 | |
22 total
» build order
00:10 Graveyard
00:22 Crypt
00:52 Ziggurat
00:58 Altar of Darkness
01:39 Ziggurat
02:13 Tomb of Relics
02:22 Nerubian Tower
02:22 Nerubian Tower
03:38 Halls of the Dead
04:58 Necropolis
05:50 Ziggurat
05:53 Ziggurat
07:35 Slaughterhouse
07:54 Ziggurat
08:56 Black Citadel
09:51 Sacrificial Pit
11:21 Boneyard
11:23 Boneyard
12:10 Ziggurat
20:56 Ziggurat
20:57 Ziggurat
20:58 Ziggurat
» items
| Rod of Necromancy | 1 | |
| Potion of Healing | 2 | |
| Scroll of Town Portal | 2 | |
| Potion of Lesser Invulnerability | 1 | |
| Scroll of Healing | 3 | |
| Boots of Speed | 1 | |
| Scroll of Protection | 1 | |
| Orb of Corruption | 1 | |
12 total
frensis (
yellow | 48 APM | 1612 actions | 33:45)
7 Archmage
3 Summon Water Elemental
3 Brilliance Aura
1 Mass Teleport
5 Paladin
2 Holy Light
2 Divine Shield
1 Devotion Aura
» actions
| Assign group hotkey | 46 | |
| Basic commands | 79 | |
| Build / train | 102 | |
| Enter build submenu | 23 | |
| Enter hero's abilities submenu | 12 | |
| Give item / drop item | 3 | |
| Remove unit from queue | 2 | |
| Right click | 462 | |
| Select / deselect | 379 | |
| Select group hotkey | 390 | |
| Use ability | 114 | |
1612 total
» units
| Peasant | 17 | |
| Footman | 7 | |
| Priest | 8 | |
| Knight | 9 | |
| Siege Engine | 5 | |
46 total
» upgrades
| Priest Training | 2 | |
| Animal War Training | 1 | |
| Lumber Harvesting | 2 | |
| Armor | 0 | |
| Plating | 3 | |
| Swords | 4 | |
| Magic Sentry | 1 | |
| Barrage | 1 | |
14 total
» buildings
| Farm | 18 | |
| Altar of Kings | 1 | |
| Barracks | 2 | |
| Lumber Mill | 1 | |
| Arcane Vault | 1 | |
| Town Hall | 3 | |
| Keep | 1 | |
| Scout Tower | 9 | |
| Guard Tower | 5 | |
| Arcane Tower | 4 | |
| Blacksmith | 1 | |
| Castle | 2 | |
| Arcane Sanctum | 1 | |
| Workshop | 2 | |
51 total
» build order
00:09 Farm
00:11 Farm
00:19 Altar of Kings
00:40 Barracks
01:16 Lumber Mill
01:50 Farm
02:24 Arcane Vault
03:30 Town Hall
04:17 Keep
04:21 Scout Tower
04:22 Scout Tower
04:41 Farm
04:42 Farm
04:45 Farm
04:53 Guard Tower
05:23 Arcane Tower
05:25 Scout Tower
05:25 Scout Tower
06:00 Arcane Tower
06:24 Barracks
06:26 Guard Tower
06:38 Blacksmith
06:48 Castle
06:48 Castle
07:38 Arcane Sanctum
08:21 Scout Tower
08:21 Scout Tower
08:21 Scout Tower
08:22 Scout Tower
08:22 Scout Tower
09:21 Guard Tower
09:22 Arcane Tower
10:00 Farm
10:01 Farm
10:04 Farm
10:05 Farm
10:06 Farm
10:07 Farm
10:39 Guard Tower
10:40 Arcane Tower
11:33 Guard Tower
17:44 Workshop
19:12 Workshop
19:17 Farm
19:18 Farm
19:18 Farm
19:19 Farm
19:19 Farm
19:29 Town Hall
25:15 Farm
27:11 Town Hall
» items
| Scroll of Regeneration | 1 | |
| Lesser Clarity Potion | 1 | |
| Boots of Speed | 1 | |
| Periapt of Vitality | 1 | |
| Potion of Healing | 3 | |
| Scroll of Town Portal | 3 | |
| Potion of Mana | 3 | |
| Dust of Appearance | 1 | |
14 total

»
b00bieZZZ (
green | 58 APM | 1961 actions | 33:45)
4 Blademaster
1 Wind Walk
2 Critical Strike
1 Mirror Image
4 Tauren Chieftain
2 War Stomp
1 Shockwave
1 Endurance Aura
» actions
| Assign group hotkey | 27 | |
| Basic commands | 97 | |
| Build / train | 65 | |
| ESC pressed | 2 | |
| Enter build submenu | 18 | |
| Enter hero's abilities submenu | 8 | |
| Right click | 289 | |
| Select / deselect | 511 | |
| Select group hotkey | 891 | |
| Use ability | 53 | |
1961 total
» units
| Peon | 9 | |
| Grunt | 9 | |
| Shaman | 5 | |
| Raider | 8 | |
| Tauren | 7 | |
38 total
» upgrades
| Melee Weapons | 2 | |
| Pillage | 1 | |
| Berserker Strength | 1 | |
| Armor | 1 | |
| Shaman Training | 2 | |
| Ensnare | 1 | |
| Witch Doctor Training | 1 | |
| Reinforced Defenses | 1 | |
10 total
» buildings
| Altar of Storms | 1 | |
| Barracks | 1 | |
| Orc Burrow | 7 | |
| Voodoo Lounge | 1 | |
| War Mill | 1 | |
| Stronghold | 1 | |
| Fortress | 1 | |
| Spirit Lodge | 1 | |
| Beastiary | 1 | |
| Tauren Totem | 1 | |
| Great Hall | 1 | |
17 total
» build order
00:46 Altar of Storms
00:49 Barracks
01:11 Orc Burrow
02:15 Orc Burrow
03:12 Voodoo Lounge
03:18 Orc Burrow
05:04 War Mill
05:10 Orc Burrow
05:26 Stronghold
08:48 Fortress
09:32 Spirit Lodge
10:11 Orc Burrow
10:56 Beastiary
11:17 Tauren Totem
12:00 Orc Burrow
14:48 Orc Burrow
21:11 Great Hall
» items
| Healing Salve | 2 | |
| Lesser Clarity Potion | 2 | |
| Scroll of Speed | 1 | |
5 total

»
Fleisch24 (
orange | 56 APM | 1880 actions | 33:45)
4 Keeper of the Grove
2 Entangling Roots
2 Thorns Aura
4 Demon Hunter
2 Evasion
2 Mana Burn
» actions
| Assign group hotkey | 26 | |
| Build / train | 89 | |
| Enter build submenu | 31 | |
| Enter hero's abilities submenu | 8 | |
| Give item / drop item | 1 | |
| Remove unit from queue | 1 | |
| Right click | 886 | |
| Select / deselect | 361 | |
| Select group hotkey | 414 | |
| Use ability | 63 | |
1880 total
» units
| Wisp | 26 | |
| Archer | 14 | |
| Hippogryph | 8 | |
| Chimaera | 4 | |
52 total
» upgrades
| Moon Armor | 4 | |
| Strength of the Moon | 3 | |
| Hippogryph Taming | 1 | |
| Improved Bows | 1 | |
| Marksmanship | 1 | |
| Corrosive Breath | 1 | |
| Reinforced Hides | 3 | |
| Strength of the Wild | 3 | |
| Well Spring | 1 | |
| Ultravision | 1 | |
19 total
» buildings
| Moon Well | 8 | |
| Altar of Elders | 1 | |
| Ancient of War | 1 | |
| Ancient of Wonders | 2 | |
| Hunter's Hall | 2 | |
| Tree of Ages | 1 | |
| Tree of Life | 4 | |
| Ancient Protector | 4 | |
| Ancient of Wind | 2 | |
| Tree of Eternity | 1 | |
| Chimaera Roost | 4 | |
30 total
» build order
00:29 Moon Well
00:37 Altar of Elders
00:57 Ancient of War
01:42 Moon Well
02:57 Ancient of Wonders
03:47 Hunter's Hall
03:58 Tree of Ages
04:32 Tree of Life
04:58 Moon Well
06:08 Moon Well
06:15 Ancient Protector
06:30 Ancient of Wind
07:35 Moon Well
07:37 Tree of Eternity
08:56 Moon Well
10:08 Moon Well
11:09 Moon Well
11:23 Ancient of Wind
11:31 Chimaera Roost
13:25 Chimaera Roost
14:59 Ancient Protector
15:52 Tree of Life
16:45 Chimaera Roost
16:56 Chimaera Roost
19:58 Hunter's Hall
22:36 Ancient of Wonders
22:46 Ancient Protector
22:57 Ancient Protector
25:36 Tree of Life
32:50 Tree of Life
» items
| Scroll of Town Portal | 2 | |
| Orb of Venom | 1 | |
| Periapt of Vitality | 1 | |
| Boots of Speed | 1 | |
5 total
team 2 (loser)
IloveSushi3 (
red | 87 APM | 2586 actions | 29:53)
5 Tauren Chieftain
3 Shockwave
2 Endurance Aura
3 Shadow Hunter
2 Hex
1 Healing Wave
» actions
| Assign group hotkey | 30 | |
| Basic commands | 205 | |
| Build / train | 102 | |
| ESC pressed | 1 | |
| Enter build submenu | 27 | |
| Enter hero's abilities submenu | 8 | |
| Give item / drop item | 5 | |
| Right click | 755 | |
| Select / deselect | 539 | |
| Select group hotkey | 792 | |
| Use ability | 122 | |
2586 total
» units
| Peon | 23 | |
| Troll Headhunter/Berserker | 20 | |
| Troll Witch Doctor | 4 | |
| Kodo Beast | 2 | |
| Tauren | 3 | |
| Spirit Walker | 2 | |
| Shaman | 1 | |
| Raider | 1 | |
56 total
» upgrades
| Ranged Weapons | 2 | |
| Armor | 1 | |
| Troll Regeneration | 1 | |
| Witch Doctor Training | 2 | |
| Berserker Upgrade | 1 | |
| Spirit Walker Training | 2 | |
| War Drums Damage Increase | 1 | |
| Pulverize | 1 | |
| Shaman Training | 2 | |
| Ensnare | 1 | |
14 total
» buildings
| Orc Burrow | 8 | |
| War Mill | 1 | |
| Barracks | 1 | |
| Altar of Storms | 1 | |
| Voodoo Lounge | 1 | |
| Watch Tower | 2 | |
| Great Hall | 3 | |
| Stronghold | 1 | |
| Spirit Lodge | 3 | |
| Fortress | 1 | |
| Beastiary | 1 | |
| Tauren Totem | 1 | |
24 total
» build order
00:22 Orc Burrow
00:49 War Mill
01:03 Barracks
01:18 Altar of Storms
01:32 Orc Burrow
02:51 Orc Burrow
03:17 Voodoo Lounge
04:28 Watch Tower
04:30 Great Hall
05:20 Stronghold
05:39 Watch Tower
05:58 Orc Burrow
08:17 Spirit Lodge
09:19 Fortress
09:20 Spirit Lodge
10:57 Beastiary
11:01 Spirit Lodge
12:25 Orc Burrow
13:07 Tauren Totem
14:36 Great Hall
18:04 Great Hall
19:39 Orc Burrow
24:41 Orc Burrow
26:43 Orc Burrow
» items
| Healing Salve | 2 | |
| Lesser Clarity Potion | 5 | |
| Potion of Lesser Invulnerability | 1 | |
| Boots of Speed | 1 | |
| Scroll of Town Portal | 3 | |
| Periapt of Vitality | 1 | |
| Potion of Healing | 4 | |
| Orb of Lightning | 1 | |
| Potion of Mana | 1 | |
19 total
TieFighterlol (
teal | 45 APM | 1244 actions | 27:30)
5 Mountain King
3 Storm Bolt
2 Bash
4 Paladin
2 Divine Shield
2 Holy Light
» actions
| Assign group hotkey | 20 | |
| Basic commands | 146 | |
| Build / train | 100 | |
| ESC pressed | 2 | |
| Enter build submenu | 25 | |
| Enter hero's abilities submenu | 9 | |
| Give item / drop item | 5 | |
| Right click | 264 | |
| Select / deselect | 300 | |
| Select group hotkey | 270 | |
| Use ability | 103 | |
1244 total
» units
| Peasant | 13 | |
| Footman | 1 | |
| Rifleman | 7 | |
| Forest Troll Shadow Priest | 1 | |
| Siege Engine | 8 | |
| Spell Breaker | 10 | |
40 total
» upgrades
| Masonry | 3 | |
| Lumber Harvesting | 2 | |
| Gunpowder | 3 | |
| Plating | 3 | |
| Swords | 3 | |
| Fragmentation Shards | 1 | |
| Barrage | 1 | |
| Long Rifles | 2 | |
| Control Magic | 1 | |
19 total
» buildings
| Altar of Kings | 1 | |
| Farm | 9 | |
| Scout Tower | 8 | |
| Barracks | 1 | |
| Arcane Tower | 2 | |
| Blacksmith | 1 | |
| Lumber Mill | 1 | |
| Guard Tower | 5 | |
| Town Hall | 3 | |
| Keep | 1 | |
| Arcane Vault | 1 | |
| Castle | 1 | |
| Workshop | 2 | |
| Arcane Sanctum | 1 | |
| Cannon Tower | 1 | |
38 total
» build order
00:11 Altar of Kings
00:17 Farm
00:20 Scout Tower
00:24 Barracks
01:29 Arcane Tower
01:56 Farm
02:12 Farm
02:25 Blacksmith
03:03 Scout Tower
03:08 Scout Tower
03:15 Farm
03:37 Lumber Mill
04:03 Guard Tower
04:22 Guard Tower
04:38 Farm
05:37 Town Hall
06:31 Keep
06:53 Arcane Vault
07:00 Farm
07:02 Farm
07:03 Farm
07:11 Scout Tower
07:12 Scout Tower
07:51 Guard Tower
07:53 Scout Tower
08:22 Arcane Tower
08:23 Guard Tower
08:44 Scout Tower
08:45 Scout Tower
09:29 Castle
09:32 Guard Tower
10:32 Workshop
11:01 Arcane Sanctum
11:45 Cannon Tower
12:11 Farm
14:49 Workshop
21:03 Town Hall
26:11 Town Hall
» items
| Boots of Speed | 2 | |
| Scroll of Healing | 1 | |
| Potion of Lesser Invulnerability | 2 | |
| Orb of Fire | 1 | |
| Scroll of Town Portal | 4 | |
| Orb of Corruption | 1 | |
| Potion of Mana | 2 | |
| Circlet of Nobility | 1 | |
| Scroll of Regeneration | 2 | |
| Lesser Clarity Potion | 1 | |
| Potion of Healing | 3 | |
20 total
rufustheoscar (
pink | 37 APM | 1118 actions | 29:57)
3 Archmage
2 Summon Water Elemental
1 Brilliance Aura
4 Dark Ranger
2 Black Arrow
1 Life Drain
1 Silence
» actions
| Assign group hotkey | 38 | |
| Basic commands | 21 | |
| Build / train | 72 | |
| ESC pressed | 2 | |
| Enter build submenu | 43 | |
| Enter hero's abilities submenu | 7 | |
| Give item / drop item | 1 | |
| Right click | 459 | |
| Select / deselect | 291 | |
| Select group hotkey | 123 | |
| Use ability | 61 | |
1118 total
» units
| Peasant | 18 | |
| Footman | 8 | |
| Knight | 4 | |
| Priest | 1 | |
| Gryphon Rider | 9 | |
40 total
» upgrades
| Swords | 1 | |
| Plating | 1 | |
| Magic Sentry | 1 | |
| Masonry | 1 | |
| Barrage | 1 | |
| Armor | 3 | |
8 total
» buildings
| Barracks | 2 | |
| Altar of Kings | 2 | |
| Farm | 13 | |
| Scout Tower | 12 | |
| Lumber Mill | 2 | |
| Arcane Tower | 1 | |
| Guard Tower | 9 | |
| Keep | 2 | |
| Blacksmith | 2 | |
| Arcane Sanctum | 1 | |
| Castle | 2 | |
| Town Hall | 1 | |
| Workshop | 1 | |
| Arcane Vault | 2 | |
| Gryphon Aviary | 2 | |
54 total
» build order
00:28 Barracks
00:33 Altar of Kings
00:37 Farm
01:19 Farm
01:40 Scout Tower
02:12 Lumber Mill
02:17 Arcane Tower
02:48 Scout Tower
03:14 Farm
03:19 Guard Tower
03:44 Keep
03:55 Blacksmith
04:50 Scout Tower
05:03 Farm
05:24 Guard Tower
05:27 Scout Tower
05:58 Guard Tower
06:05 Farm
06:23 Arcane Sanctum
06:58 Castle
07:29 Scout Tower
08:40 Guard Tower
08:56 Town Hall
09:02 Barracks
10:19 Workshop
10:50 Farm
11:43 Scout Tower
12:06 Arcane Vault
14:57 Farm
16:17 Farm
16:26 Lumber Mill
17:35 Scout Tower
17:44 Keep
18:50 Altar of Kings
18:51 Guard Tower
18:55 Scout Tower
19:26 Scout Tower
19:31 Guard Tower
19:34 Scout Tower
20:21 Castle
20:27 Blacksmith
21:11 Guard Tower
21:12 Guard Tower
21:15 Scout Tower
21:52 Guard Tower
22:33 Gryphon Aviary
22:39 Farm
22:43 Scout Tower
23:23 Gryphon Aviary
25:37 Farm
25:56 Arcane Vault
26:22 Farm
27:16 Farm
27:35 Farm
» items

»
MittRomney2012 (
purple | 25 APM | 828 actions | 33:45)
3 Crypt Lord
2 Spiked Carapace
1 Impale
1 Death Knight
1 Death Coil
» actions
| Basic commands | 26 | |
| Build / train | 54 | |
| Enter build submenu | 49 | |
| Enter hero's abilities submenu | 4 | |
| Right click | 341 | |
| Select / deselect | 300 | |
| Use ability | 54 | |
828 total
» units
| Acolyte | 12 | |
| Ghoul | 11 | |
| Frost Wyrm | 4 | |
27 total
» upgrades
| Creature Attack | 1 | |
| Creature Carapace | 1 | |
| Freezing Breath | 1 | |
3 total
» buildings
| Altar of Darkness | 3 | |
| Crypt | 3 | |
| Ziggurat | 26 | |
| Graveyard | 2 | |
| Halls of the Dead | 1 | |
| Nerubian Tower | 2 | |
| Spirit Tower | 11 | |
| Black Citadel | 1 | |
| Tomb of Relics | 1 | |
| Sacrificial Pit | 1 | |
| Boneyard | 2 | |
| Necropolis | 1 | |
| Great Hall | 1 | |
55 total
» build order
01:56 Altar of Darkness
02:02 Crypt
02:07 Ziggurat
02:10 Ziggurat
02:38 Crypt
03:29 Graveyard
03:34 Ziggurat
05:45 Halls of the Dead
07:50 Nerubian Tower
07:52 Spirit Tower
07:55 Ziggurat
07:57 Ziggurat
07:59 Ziggurat
08:02 Ziggurat
08:10 Ziggurat
08:14 Ziggurat
08:16 Ziggurat
08:58 Spirit Tower
08:59 Nerubian Tower
09:00 Spirit Tower
09:02 Spirit Tower
09:05 Spirit Tower
09:06 Spirit Tower
09:10 Spirit Tower
09:42 Black Citadel
10:04 Ziggurat
10:06 Ziggurat
10:09 Ziggurat
10:12 Ziggurat
10:13 Ziggurat
10:15 Ziggurat
10:18 Ziggurat
10:22 Ziggurat
11:14 Tomb of Relics
11:22 Spirit Tower
11:36 Sacrificial Pit
12:30 Boneyard
12:33 Boneyard
14:16 Ziggurat
14:20 Ziggurat
14:58 Spirit Tower
15:16 Spirit Tower
18:21 Altar of Darkness
18:28 Ziggurat
18:30 Ziggurat
18:33 Ziggurat
18:50 Crypt
18:56 Necropolis
19:26 Graveyard
22:07 Altar of Darkness
22:10 Ziggurat
22:18 Ziggurat
22:29 Ziggurat
23:06 Spirit Tower
31:59 Great Hall
» items
| Scroll of Town Portal | 1 | |
| Healing Salve | 1 | |
| Orb of Lightning | 1 | |
3 total
Chat log
(01:59 / All) MittRomney2012: mass tanks
(02:06 / All) frensis: ХАПХАХАХАХ
(02:41 / All) MittRomney2012: mass tanks
(02:56 / Allies) IWILLBSYOU: we should push eraly
(02:59 / Allies) IWILLBSYOU: purple is pretty bad
(03:12 / Allies) Fleisch24: yellow help me clear back?
(03:20 / Allies) frensis: k
(03:23 / All) MittRomney2012: dont take my mine
(03:50 / All) MittRomney2012: fagg
(04:12 / All) IWILLBSYOU: lol purple
(04:17 / All) IWILLBSYOU: I just carried your stupid ass to a win
(04:28 / All) MittRomney2012: i owned
(04:30 / All) MittRomney2012: get some
(04:39 / All) IWILLBSYOU: you got 2nd to last place in score and lost your army twice
(04:42 / Allies) Fleisch24: thanks
(04:42 / All) IWILLBSYOU: you were pretty bad
(04:49 / Allies) frensis: )
(05:01 / All) IWILLBSYOU: did you hear me?
(05:12 / All) MittRomney2012: i herros harased the entire team
(05:14 / All) IWILLBSYOU: don't be a cunt
(05:41 / All) MittRomney2012: i killed all workers while you ran away
(07:01 / All) MittRomney2012: fag
(07:08 / All) MittRomney2012: DC hack
(07:14 / All) IWILLBSYOU: lol
(07:56 / Allies) IWILLBSYOU: lets meet
(07:59 / Allies) IWILLBSYOU: need to hit
(08:50 / All) MittRomney2012: dont attack me i am teching to chims
(09:30 / Allies) IWILLBSYOU: out yellow
(09:33 / Allies) IWILLBSYOU: wow
(10:01 / Allies) IWILLBSYOU: LETS HIT
(10:05 / Allies) IWILLBSYOU: WHY ARE WE WAITING
(10:07 / Allies) IWILLBSYOU: I HATE THIS MAP
(10:12 / Allies) IWILLBSYOU: IT"S JUST MASSS EXPO TECH AND WAIT TO LOSE
(10:13 / Allies) IWILLBSYOU: LETS GO
(10:17 / Allies) b00bieZZZ: lets go
(10:22 / Allies) IWILLBSYOU: FUCKKK
(10:56 / All) MittRomney2012: come at me
(11:52 / Allies) IWILLBSYOU: you bought two tps?
(12:17 / Allies) IWILLBSYOU: GO
(12:18 / Allies) IWILLBSYOU: melee up front
(12:26 / All) MittRomney2012: gg
(13:18 / All) MittRomney2012: team sucks
(13:37 / All) MittRomney2012: bunch oh homos
(14:02 / All) IWILLBSYOU: i think it's funny that red or teal didn't tp to help him
(14:04 / Allies) Fleisch24: blue you got some gold
(14:09 / All) MittRomney2012: nubs
(14:19 / All) TieFighterlol: i didnt tp?
(14:28 / All) IWILLBSYOU: did you?
(14:30 / All) IWILLBSYOU: I never saw you
(14:37 / All) TieFighterlol: yup
(14:41 / All) TieFighterlol: just not front line
(14:47 / All) IWILLBSYOU: oh back side where there were no units lol
(15:12 / Allies) IWILLBSYOU: b
(15:13 / Allies) IWILLBSYOU: b
(18:00 / Allies) b00bieZZZ: b
(18:11 / All) MittRomney2012: shit team
(18:29 / All) IloveSushi3: you should tyr and pull that cock out of yourmouth when you talk
(18:36 / All) MittRomney2012: fag
(19:30 / All) IloveSushi3: kill purple
(19:37 / All) MittRomney2012: u mad
(19:49 / All) MittRomney2012: blaming me because you suck lol
(19:54 / All) IloveSushi3: i'm just sad
(19:59 / All) IloveSushi3: that you are so awful
(20:08 / Allies) b00bieZZZ: yellow
(20:09 / Allies) b00bieZZZ: wait for us
(20:32 / All) MittRomney2012: team killer
(20:41 / Allies) b00bieZZZ: blue gime gold
(21:37 / All) MittRomney2012: owned
(21:43 / All) MittRomney2012: LOL owned fag
(21:45 / All) MittRomney2012: faggot
(21:46 / All) IloveSushi3: hardly loser
(21:47 / All) MittRomney2012: haha
(21:54 / All) IWILLBSYOU: lol red
(21:57 / All) MittRomney2012: get some
(22:04 / All) IloveSushi3: kicked your ass purple
(22:16 / All) MittRomney2012: you lost
(22:20 / All) IloveSushi3: just go due north
(22:25 / All) IloveSushi3: thenyou will find last urpel base
(23:17 / All) rufustheoscar: wood please
(23:18 / All) IloveSushi3: go uruple
(23:20 / All) IloveSushi3: go purple
(23:25 / All) IloveSushi3: way to suck it in the ass
(23:29 / All) IloveSushi3: dont' forget when you speak
(23:34 / All) IloveSushi3: remove the giant cock out of your mouth
(23:51 / All) MittRomney2012: u mad lol
(24:27 / All) IloveSushi3: coime on guys
(24:29 / All) IloveSushi3: kill urple
(24:32 / All) IloveSushi3: purple
(24:32 / All) MittRomney2012: owned you
(24:38 / All) MittRomney2012: red lol
(24:54 / All) IloveSushi3: purple is a champ
(25:17 / All) IloveSushi3: almost there blue
(25:39 / All) IloveSushi3: the fucker only hsa 8k gold
(25:48 / All) MittRomney2012: u mad
(25:50 / All) IWILLBSYOU: lol I told you I had to carry his ass last game
(25:53 / All) IWILLBSYOU: should've been expected
(25:55 / All) IloveSushi3: i already told you
(26:06 / All) IloveSushi3: remove the cock out of your mouth when you speak
(26:12 / All) IWILLBSYOU: lol are you talking to me?
(26:14 / All) MittRomney2012: red is irate
(26:21 / All) IloveSushi3: you should probably find some friends
(26:24 / All) IWILLBSYOU: watch your mouth
(26:28 / All) MittRomney2012: red is mad bro
(26:39 / All) IloveSushi3: no, I just feel sorry for you
(26:45 / All) MittRomney2012: i am still alive and red is dead lol!
(26:48 / All) MittRomney2012: fail
(27:28 / All) IloveSushi3: awww
(27:29 / All) TieFighterlol: silly game D:
(27:30 / All) IloveSushi3: poor purple
(27:45 / All) MittRomney2012: red is mad
(27:48 / All) MittRomney2012: get some
(27:49 / All) MittRomney2012: fag
(27:54 / All) IloveSushi3: i already told you newb
(28:01 / All) MittRomney2012: get some
(28:10 / All) MittRomney2012: u mad
(28:14 / All) IloveSushi3: get some skillz? like you? hahaha
(28:17 / All) MittRomney2012: i play the game and you get mad lol
(28:23 / All) MittRomney2012: get outta her
(28:30 / All) b00bieZZZ: leave you two faggots
(28:32 / All) b00bieZZZ: we dont care
(28:33 / All) IloveSushi3: remove the penis out of your mouth
(28:41 / All) MittRomney2012: green you suck
(29:15 / All) MittRomney2012: bow before me mortal
(30:09 / All) MittRomney2012: faggot team
(30:24 / All) b00bieZZZ: fucking leave fggot
(30:27 / All) b00bieZZZ: we dont care
(31:19 / All) IWILLBSYOU: u mad?
(31:31 / All) MittRomney2012: u mad
(31:51 / Allies) Fleisch24: one farm down
(33:35 / All) MittRomney2012: faggots
(33:43 / All) IWILLBSYOU: why are you so mad?